 Dungeon Crawl Stone Soup version 0.26-a0-863-g3bff4b215c (webtiles) character file.

Game seed: 2319694519035030655

177476 miscthings the Whirler (level 18, -1/127 HPs)
             Began as a Halfling Hunter on Nov 26, 2020.
             Was the Champion of Okawaru.
             Slain by a naga warrior
             ... wielding a +0 short sword
              (4 damage)
             ... on level 1 of the Snake Pit.
             The game lasted 01:20:16 (31766 turns).

miscthings the Whirler (Halfling Hunter)           Turns: 31766, Time: 01:20:17

Health: -1/127     AC: 17    Str: 15    XL:     18   Next: 83%
Magic:  25/25      EV: 20    Int: 13    God:    Okawaru [******]
Gold:   1324       SH: 10    Dex: 20    Spells: 17/17 levels left

rFire    + + .     SeeInvis +   n - +6 fustibalus (freeze)
rCold    + . .     Faith    .   b - +2 buckler {rF+}
rNeg     . . .     Spirit   .   E - +0 scale mail "Cepebaw" {*Contam +Inv Int+5}
rPois    +         Reflect  .   i - +2 hat {SInv}
rElec    .         Harm     .   T - +0 cloak of Hoggu {Slay+3}
rCorr    .         Rampage  .   g - +0 pair of gloves {Dex+3}
MR       +....                  w - +1 pair of boots {Fly}
Stlth    +.........             y - amulet "Woamu" {rPois rF+ Regen+ Int-5}
HPRegen  0.71/turn              X - ring of protection from cold
MPRegen  0.19/turn              N - +4 ring of slaying

@: lethally poisoned (-1 -> -2), flying, slowed, constricted, very slow
A: small, mutation resistance 1
a: Heroism, Finesse, Renounce Religion, Evoke Invisibility, Stop Flying


You were on level 1 of the Snake Pit.
You worshipped Okawaru.
Okawaru was exalted by your worship.
You visited 5 branches of the dungeon, and saw 25 of its levels.

You collected 2991 gold pieces.
You spent 1667 gold pieces at shops.

Inventory:

Hand Weapons
 n - a +6 fustibalus of freezing (weapon)
 S - the +6 hunting sling "Eveagh" {venom, Str+5 Int+2 Dex-3}
   (Okawaru gifted it to you on level 2 of the Lair of Beasts)

   It poisons the ammo it fires.
   It affects your strength (+5).
   It affects your intelligence (+2).
   It affects your dexterity (-3).
Missiles
 h - 37 stones (quivered)
 q - 311 sling bullets
 F - 7 curare-tipped darts
 J - a throwing net
Armour
 b - a +2 buckler of fire resistance (worn)
 c - a +2 leather armour of fire resistance
 g - a +0 pair of gloves of dexterity (worn)
 i - a +2 hat of see invisible (worn)
 w - a +1 pair of boots of flying (worn)
 E - the +0 scale mail "Cepebaw" (worn) {*Contam +Inv Int+5}
   (You found it on level 7 of the Dungeon)

   It affects your intelligence (+5).
   It lets you turn invisible.
   It causes magical contamination when unequipped.
 T - the +0 cloak of Hoggu (worn) {Slay+3}
   (You bought it in a shop on level 5 of the Dungeon)

   It affects your accuracy and damage with ranged weapons and melee attacks
   (+3).
Jewellery
 r - an uncursed ring of ice
 y - the amulet "Woamu" (around neck) {rPois rF+ Regen+ Int-5}
   (You found it on level 13 of the Dungeon)

   [amulet of regeneration]

   It affects your intelligence (-5).
   It protects you from fire.
   It protects you from poison.
   It increases your rate of regeneration.
 N - a +4 ring of slaying (right hand)
 X - a ring of protection from cold (left hand)
Wands
 a - a wand of iceblast (17)
 t - a wand of flame (27)
 v - a wand of acid (3)
 L - a wand of digging (14)
 Q - a wand of enslavement (9)
 W - a wand of paralysis (12)
Scrolls
 d - 14 scrolls of remove curse
 f - a scroll of identify {@r1}
 j - 3 scrolls of magic mapping
 k - 7 scrolls of fog
 p - 6 scrolls of fear
 G - 4 scrolls of brand weapon
 H - 12 scrolls of teleportation
 I - 2 scrolls of immolation
 P - 2 scrolls of blinking
 V - a scroll of holy word
 Z - a scroll of summoning
Potions
 e - 4 potions of might
 l - 10 potions of curing
 m - 2 potions of invisibility
 o - 2 potions of brilliance
 s - a potion of resistance
 u - 5 potions of haste
 x - a potion of lignification
 z - a potion of magic
 A - a potion of berserk rage
 B - 6 potions of mutation
 C - a potion of cancellation
 K - 7 potions of heal wounds
 M - 3 potions of attraction
 R - 6 potions of flight
 Y - 5 potions of ambrosia
Miscellaneous
 D - a tin of tremorstones (2/2)
 O - a box of beasts (inert)
 U - a phantom mirror


   Skills:
 + Level 12.8 Fighting
 + Level 16.4 Slings
 + Level 14.6 Armour
 + Level 14.8 Dodging
 - Level 1.1 Stealth
 + Level 8.2 Shields
 - Level 10.0 Invocations
 - Level 12.0 Evocations


You had 17 spell levels left.
You didn't know any spells.
Your spell library contained the following spells:

 Spells                   Type           Power        Failure   Level
 Animate Skeleton         Necr           #.....       63%         1
 Apportation              Tloc           #.....       63%         1
 Beastly Appendage        Tmut           #.....       63%         1
 Corona                   Hex            #......      63%         1
 Shock                    Conj/Air       #...         63%         1
 Summon Small Mammal      Summ           #...         63%         1
 Ensorcelled Hibernation  Hex/Ice        #.....       77%         2
 Passwall                 Tmut/Erth      #.......     77%         2
 Swiftness                Air            #.......     77%         2
 Wereblood                Tmut           #.......     77%         2
 Confusing Touch          Hex            #.......     94%         3
 Dazzling Flash           Conj/Hex       #.....       94%         3
 Inner Flame              Hex/Fire       #.......     94%         3
 Spider Form              Tmut/Pois      #.........   94%         3
 Static Discharge         Conj/Air       #.......     94%         3
 Tukima's Dance           Hex            #.......     94%         3
 Airstrike                Air            #.........   100%        4
 Ice Form                 Ice/Tmut       #.......     100%        4
 Petrify                  Tmut/Erth      #.......     100%        4
 Blade Hands              Tmut           #.........   100%        5
 Lightning Bolt           Conj/Air       #.........   100%        5
 Metabolic Englaciation   Hex/Ice        #.........   100%        5
 Statue Form              Tmut/Erth      #........    100%        6


Dungeon Overview and Level Annotations

Branches:
Dungeon (15/15)            Temple (1/1) D:6            Lair (6/6) D:9
 Shoals (0/4) Lair:2        Snake (1/4) Lair:2        Slime (0/5) Lair:5
    Orc (2/2) D:12            Elf (0/3) Orc:2        Vaults (0/5) D:13
 Depths (0/5) D:15

Altars:
Ashenzari
Dithmenos
Gozag
Makhleb
Nemelex Xobeh
Okawaru
Qazlal
Sif Muna
Trog
Vehumet
Wu Jian
Xom
Yredelemnul
The Shining One
Beogh
Jiyva

Shops:
D:4 [   D:5 (*[?   Orc:1 !!   Orc:2 :*(=[

Annotations:
D:4 2 transporters, SolusNox's ghost, amateur FoFi
D:13 Cheivey's ghost, journeyman MiFi; Sin92's ghost, journeyman MiFi


Innate Abilities, Weirdness & Mutations

You are small and have problems with some larger weapons.
You are somewhat resistant to further mutation.


Message History

The naga warrior hits you with a +0 short sword!
* * * LOW HITPOINT WARNING * * *
x2 The naga warrior constricts you.
Firing (i - inventory. (/) - cycle)
h - 38 stones (quivered)
Press: ? - help, Shift-Dir - straight line, f/p - naga warrior
Aim: a naga warrior, wielding a +0 short sword and wearing a +0 robe (heavily wounded, constricting you)
You shoot a stone. The stone hits the naga warrior.
The stone freezes the naga warrior.
The naga warrior is heavily wounded.
The naga warrior barely misses you.
* * * LOW HITPOINT WARNING * * *
The naga warrior constricts you.
You feel better. The naga warrior spits poison at you.
The splash of poison hits you but does no damage.
You are poisoned.
You resist. The naga warrior constricts you.
The naga warrior hits you with a +0 short sword!
* * * LOW HITPOINT WARNING * * *
You die...

#...(.(##
#.......+
.#....(..#
..(...)..#
.........#
...ยง..()(#
#)# #)# #@#
########N#
........(#
..###..##
#..# #..#
#..# #..#
#####..######


You could see a naga warrior (catching breath).

Vanquished Creatures
  Gastronok (Lair:3)
  An orc warlord (Orc:1)
  The ghost of GreatCaesar the Thaumaturge, a journeyman GrCj of Vehumet (D:13)
  A stone giant (Orc:2)
  The ghost of Dittersdorf the Fighter, a journeyman MiBe of Trog (D:13)
  The ghost of adamnant the Geomancer, a journeyman FoEE of Dithmenos (Lair:1)
  A deep elf annihilator (D:13)
  The ghost of Ippog the Imperceptible, a journeyman SpEn of Gozag (D:13)
  Snorg (Lair:4)
  The ghost of Demosthentine the Fighter, a journeyman FoFi of Cheibriados (D:13)
  4 ettins
  A fire dragon (Lair:6)
  A yaktaur captain (D:13)
  5 vault guards (D:13)
  2 boulder beetles
  8 hydras
  5 centaur warriors
  2 naga warriors (Snake:1)
  A catoblepas (Lair:5)
  A death knight (D:13)
  5 ogre magi
  15 two-headed ogres
  Erica (D:8)
  A dancing weapon (Lair:1)
  3 tengu warriors (D:15)
  A deep troll earth mage (D:13)
  3 orc high priests
  A hell knight (D:15)
  3 deep elf knights
  A fire crab (Lair:5)
  5 unseen horrors
  A sea snake (shapeshifter) (D:13)
  An orange crystal statue (D:15)
  3 wizards (D:13)
  5 orc knights
  A wolf spider zombie (D:12)
  5 orc sorcerers
  20 ugly things
  2 deep elf magi (D:13)
  A manticore (Lair:2)
  12 cyclopes
  A salamander (shapeshifter) (D:13)
  7 elephants
  A guardian serpent (Snake:1)
  A centaur zombie (D:13)
  7 black mambas
  33 cane toads
  4 kobold demonologists
  A centaur skeleton (D:12)
  4 komodo dragons
  10 rime drakes
  2 efreet (D:13)
  A freezing wraith (D:13)
  3 meliai (D:12)
  3 polar bears
  A queen bee (D:12)
  6 trolls
  25 blink frogs
  A wind drake (Lair:2)
  5 tyrant leeches (Lair:6)
  11 slime creatures
  7 dream sheep (Lair:6)
  A meliai zombie (D:15)
  Sigmund (D:4)
  A water elemental (D:13)
  2 shadows
  A wraith (D:15)
  30 yaks
  8 wyverns
  A vampire (D:12)
  7 basilisks
  12 steam dragons (Lair:6)
  Eustachio (D:4)
  21 vampire mosquitoes
  Menkaure (D:7)
  6 wargs
  A soldier ant (D:11)
  A naga (Snake:1)
  19 water moccasins
  2 acid dragons
  A meliai simulacrum (D:14)
  46 orc warriors
  5 phantoms
  A hornet zombie (D:7)
  3 sky beasts
  3 black bears
  3 ice beasts
  28 wolves
  An eye of draining (D:14)
  2 necrophages (D:10)
  10 centaurs
  16 ogres
  4 big kobolds
  2 gnoll sergeants
  Blork the orc (D:4)
  24 bullfrogs
  A wyvern skeleton (D:10)
  5 scorpions
  16 killer bees
  4 electric eels (D:13)
  7 wights
  3 howler monkeys
  A quasit (D:13)
  29 orc priests
  3 bullfrog zombies
  6 hounds
  2 iguanas
  2 jellies
  38 orc wizards
  7 bullfrog skeletons
  8 worker ants
  2 hound skeletons
  A mummy (D:5)
  A worker ant zombie (D:10)
  14 gnolls
  12 adders
  A white imp (D:6)
  3 ufetubi
  An ooze (D:4)
  A worm (D:2)
  5 leopard geckos
  118 orcs
  2 ball pythons (Lair:2)
  4 giant cockroaches
  4 goblins
  5 hobgoblins
  17 jackals
  6 quokkas
  6 bats
  14 frilled lizards
  A hobgoblin zombie (D:5)
  16 kobolds
  3 orc zombies (D:5)
  5 rats
904 creatures vanquished.

Vanquished Creatures (collateral kills)
  A naga (Snake:1)
1 creature vanquished.

Vanquished Creatures (others)
  2 orc priests (Orc:1)
  4 orcs
  41 fungi
  184 plants
231 creatures vanquished.

Grand Total: 1136 creatures vanquished

Notes
Turn   | Place    | Note
-------+----------+-------------------------------------------
     0 | D:1      | miscthings the Halfling Hunter began the quest for the Orb.
     0 | D:1      | Reached XP level 1. HP: 14/14 MP: 1/1
     8 | D:1      | Reached skill level 6 in Slings
    76 | D:1      | Reached XP level 2. HP: 19/19 MP: 2/2
   270 | D:1      | Reached skill level 7 in Slings
   270 | D:1      | Reached XP level 3. HP: 20/24 MP: 3/3
  1264 | D:2      | Reached XP level 4. HP: 29/29 MP: 4/4
  1308 | D:2      | Reached skill level 8 in Slings
  1760 | D:3      | Noticed a phantom
  1786 | D:3      | Killed a phantom
  1787 | D:3      | Reached skill level 9 in Slings
  1787 | D:3      | Reached XP level 5. HP: 18/34 MP: 5/5
  1858 | D:3      | Reached XP level 6. HP: 17/39 MP: 6/6
  2065 | D:3      | Found a glowing golden altar of the Shining One.
  2301 | D:3      | Found a shadowy altar of Dithmenos.
  2348 | D:3      | Reached skill level 10 in Slings
  2557 | D:3      | Found a radiant altar of Vehumet.
  3067 | D:4      | Found Qoixung's Armour Shop.
  3097 | D:4      | Noticed Sigmund
  3107 | D:4      | Killed Sigmund
  3108 | D:4      | Reached skill level 11 in Slings
  3108 | D:4      | Reached XP level 7. HP: 38/44 MP: 7/7
  3278 | D:4      | Noticed Blork the orc
  3291 | D:4      | Killed Blork the orc
  3292 | D:4      | Reached skill level 12 in Slings
  3314 | D:4      | Noticed Eustachio
  3369 | D:4      | Killed Eustachio
  3370 | D:4      | Reached skill level 1 in Armour
  3370 | D:4      | Reached skill level 1 in Evocations
  3502 | D:4      | Reached XP level 8. HP: 41/50 MP: 8/8
  3649 | D:4      | Found a transporter.
  3663 | D:4      | Noticed SolusNox's ghost (amateur FoFi)
  3675 | D:4      | Found a transporter.
  3854 | D:4      | Identified the Volume of Transformation and Beguiling
  4008 | D:5      | Entered Level 5 of the Dungeon
  4075 | D:5      | Found Uzxiumm's Armour Emporium.
  4077 | D:5      | Found Xujoel's Antique Weapon Emporium.
  4088 | D:5      | Found Nofoagad's Magic Scroll Emporium.
  4325 | D:5      | Found Wizewur's General Store.
  4558 | D:5      | Bought 23 stones for 32 gold pieces
  4558 | D:5      | Bought 17 stones for 23 gold pieces
  4848 | D:6      | Reached XP level 9. HP: 31/57 MP: 9/9
  5012 | D:6      | Found a staircase to the Ecumenical Temple.
  5022 | Temple   | Entered the Ecumenical Temple
  5045 | Temple   | Became a worshipper of Warmaster Okawaru
  6200 | D:6      | Reached skill level 5 in Dodging
  6597 | D:7      | Noticed Menkaure
  6613 | D:7      | Killed Menkaure
  6622 | D:7      | Reached * piety under Okawaru
  6656 | D:7      | Reached skill level 5 in Armour
  7128 | D:7      | Got a heavily runed scale mail
  7140 | D:7      | Identified the +0 scale mail "Cepebaw" {*Contam +Inv Int+5}
                  | (You found it on level 7 of the Dungeon)
  7212 | D:7      | Reached skill level 5 in Evocations
  7360 | D:7      | Reached skill level 5 in Fighting
  7360 | D:7      | Reached XP level 10. HP: 58/66 MP: 10/10
  7391 | D:7      | Reached skill level 1 in Invocations
  7533 | D:7      | You fall into a shaft and drop 2 floors!
  7855 | D:7      | Reached ** piety under Okawaru
  8052 | D:7      | Found an ornate altar of the Wu Jian Council.
  8119 | D:8      | Noticed Erica
  8142 | D:8      | Killed Erica
  8516 | D:8      | Found a burning altar of Makhleb.
  8559 | D:8      | Reached *** piety under Okawaru
  9453 | D:9      | Received a gift from Okawaru
  9487 | D:9      | Reached XP level 11. HP: 42/72 MP: 13/13
  9634 | D:9      | Found a staircase to the Lair.
  9979 | D:9      | Reached **** piety under Okawaru
 10067 | D:9      | Reached skill level 13 in Slings
 10276 | D:10     | Entered Level 10 of the Dungeon
 11755 | D:10     | Received a gift from Okawaru
 11910 | D:10     | Received a gift from Okawaru
 12169 | D:10     | Noticed a two-headed ogre
 12197 | D:10     | Killed an unseen horror
 12400 | D:10     | Killed a two-headed ogre
 12536 | D:11     | Noticed a brown ugly thing
 12579 | D:10     | Killed a brown ugly thing
 12776 | D:11     | Killed an unseen horror
 12776 | D:11     | Reached ***** piety under Okawaru
 12777 | D:11     | Reached skill level 5 in Invocations
 12882 | D:11     | Noticed a green ugly thing
 12903 | D:11     | Killed a white ugly thing
 13086 | D:11     | Reached XP level 12. HP: 22/80 MP: 15/15
 14298 | Lair:1   | Entered Level 1 of the Lair of Beasts
 14393 | Lair:1   | Found a runed translucent door.
 14749 | Lair:1   | Found a shimmering altar of Xom.
 14749 | Lair:1   | Noticed adamnant's ghost (journeyman FoEE)
 14749 | Lair:1   | Noticed a +2 quarterstaff of chaos
 14913 | Lair:1   | Received a gift from Okawaru
 15176 | Lair:2   | Reached skill level 14 in Slings
 15466 | Lair:2   | Received a gift from Okawaru
 15469 | Lair:2   | Got a translucent hunting sling {god gift}
 15470 | Lair:2   | Identified the +6 hunting sling "Eveagh" {venom, Str+5
                  | Int+2 Dex-3} (Okawaru gifted it to you on level 2 of the
                  | Lair of Beasts)
 15815 | Lair:2   | Reached skill level 10 in Evocations
 16219 | D:5      | Bought the +0 cloak of Hoggu {Slay+3} for 337 gold pieces
 16236 | D:5      | Bought a scroll of blinking for 105 gold pieces
 16464 | Lair:2   | Found a staircase to the Snake Pit.
 16474 | Lair:2   | Reached XP level 13. HP: 84/86 MP: 17/17
 16541 | Lair:2   | Received a gift from Okawaru
 16586 | Lair:2   | Found a staircase to the Shoals.
 17457 | Lair:3   | Found a shimmering altar of Xom.
 17495 | Lair:3   | Reached skill level 5 in Shields
 17609 | Lair:3   | Noticed Gastronok
 17624 | Lair:3   | Killed Gastronok
 18890 | Lair:4   | Noticed Snorg
 18901 | Lair:4   | Killed Snorg
 19211 | Lair:5   | Found a staircase to the Slime Pits.
 19211 | Lair:5   | Found a viscous altar of Jiyva.
 19233 | Lair:5   | Noticed a five-headed hydra
 19240 | Lair:5   | Killed a five-headed hydra
 19515 | Lair:5   | Noticed a catoblepas
 19530 | Lair:5   | Killed a catoblepas
 19587 | Lair:5   | Received a gift from Okawaru
 19594 | Lair:5   | Noticed an eight-headed hydra
 19617 | Lair:5   | Killed an eight-headed hydra
 19618 | Lair:5   | Reached skill level 15 in Slings
 19618 | Lair:5   | Reached XP level 14. HP: 83/94 MP: 19/19
 19688 | Lair:5   | Reached ****** piety under Okawaru
 19990 | Lair:5   | Received a gift from Okawaru
 20022 | Lair:5   | Reached skill level 10 in Dodging
 20306 | Lair:6   | Entered Level 6 of the Lair of Beasts
 20561 | Lair:6   | Reached skill level 10 in Armour
 20807 | Lair:6   | Received a gift from Okawaru
 21271 | Lair:6   | Received a gift from Okawaru
 21311 | Lair:6   | Received a gift from Okawaru
 21312 | Lair:6   | Reached XP level 15. HP: 88/101 MP: 20/22
 22856 | D:12     | Reached skill level 10 in Invocations
 22942 | D:12     | Found a staircase to the Orcish Mines.
 23181 | D:12     | Reached skill level 10 in Fighting
 23552 | Orc:1    | Entered Level 1 of the Orcish Mines
 24011 | D:12     | Received a gift from Okawaru
 24360 | Orc:1    | Found Xoywiej's Distillery.
 24369 | Orc:1    | Bought a potion of heal wounds for 80 gold pieces
 24369 | Orc:1    | Bought a potion of mutation for 128 gold pieces
 24409 | Orc:1    | Noticed an orc warlord
 24437 | Orc:1    | Killed an orc warlord
 24528 | Orc:1    | Received a gift from Okawaru
 24633 | Orc:1    | Received a gift from Okawaru
 24994 | Orc:1    | Found a roughly hewn altar of Beogh.
 25075 | Orc:1    | Found Gumeshrie's Distillery.
 25083 | Orc:1    | Bought a potion of haste for 150 gold pieces
 25189 | Orc:1    | Paralysed by an orc sorcerer for 5 turns
 25433 | Orc:2    | Entered Level 2 of the Orcish Mines
 25433 | Orc:2    | Found a roughly hewn altar of Beogh.
 25434 | Orc:2    | Found a staircase to the Elven Halls.
 25434 | Orc:2    | Found Woegedev's General Store.
 25587 | Orc:2    | Reached XP level 16. HP: 111/111 MP: 23/23
 25881 | Orc:2    | Received a gift from Okawaru
 25901 | Orc:2    | Found Gucvy's Book Emporium.
 26182 | Orc:2    | Found Fodwomee's Antique Armour Shoppe.
 26212 | Orc:2    | Found Touwnudd's Antique Weapon Boutique.
 26278 | Orc:2    | Found Picveaj's Jewellery Shoppe.
 26347 | Orc:1    | Received a gift from Okawaru
 26408 | Orc:2    | Bought a distressingly furry plate armour for 812 gold
                  | pieces
 26408 | Orc:2    | Identified the +0 plate armour of the Game Afoot {rN+ MR+
                  | SInv} (You bought it in a shop on level 2 of the Orcish
                  | Mines)
 26561 | D:13     | Found a huge runed gate.
 26561 | D:13     | Found a huge runed gate.
 26561 | D:13     | Found a huge runed gate.
 26561 | D:13     | Found a huge runed gate.
 26561 | D:13     | Found a huge runed gate.
 26561 | D:13     | Found a huge runed gate.
 26561 | D:13     | Found a huge runed gate.
 26563 | D:13     | Found a huge runed gate.
 26572 | D:13     | Found a huge runed gate.
 26572 | D:13     | Found a huge runed gate.
 26576 | D:13     | Found a huge runed gate.
 26576 | D:13     | Found a huge runed gate.
 26576 | D:13     | Found a huge runed gate.
 26576 | D:13     | Found a huge runed gate.
 26576 | D:13     | Found a huge runed gate.
 26576 | D:13     | Found a huge runed gate.
 26577 | D:13     | Found a huge runed gate.
 26578 | D:13     | Found a huge runed gate.
 26616 | D:13     | Found a huge runed gate.
 26617 | D:13     | Found a huge runed gate.
 26617 | D:13     | Found a huge runed gate.
 26619 | D:13     | Found a huge runed gate.
 26619 | D:13     | Found a huge runed gate.
 26621 | D:13     | Found a huge runed gate.
 26623 | D:13     | Found a huge runed gate.
 26625 | D:13     | Found a huge runed gate.
 26625 | D:13     | Found a huge runed gate.
 26639 | D:13     | Found a huge runed gate.
 26646 | D:13     | Found a huge runed gate.
 26646 | D:13     | Found a huge runed gate.
 26646 | D:13     | Found a huge runed gate.
 26848 | D:13     | Received a gift from Okawaru
 27108 | D:13     | Identified the +6 mace of Vanity {freeze, rN+}
 27216 | D:13     | Found a huge runed gate.
 27216 | D:13     | Found a huge runed gate.
 27216 | D:13     | Found a huge runed gate.
 27238 | D:13     | Found a huge runed gate.
 27239 | D:13     | Found a huge runed gate.
 27575 | D:13     | Found a gate to the Vaults.
 27790 | D:13     | Got a bloodstained war axe
 27792 | D:13     | Identified the +4 war axe "Xeny" {venom, rN+ Str+2 Int+2}
                  | (You found it on level 13 of the Dungeon)
 28963 | D:14     | You are sucked into a shaft and drop 1 floor!
 28963 | D:15     | Entered Level 15 of the Dungeon
 29113 | D:14     | Reached XP level 17. HP: 119/119 MP: 24/24
 29454 | D:13     | Identified the +2 chain mail "Feasour" {Stlth+} (Okawaru
                  | gifted it to you on level 13 of the Dungeon)
 29478 | D:13     | Noticed Sin92's ghost (journeyman MiFi)
 29479 | D:13     | Noticed Dittersdorf's ghost (journeyman MiBe)
 29479 | D:13     | Noticed Ippog's ghost (journeyman SpEn)
 29479 | D:13     | Noticed Demosthentine's ghost (journeyman FoFi)
 29479 | D:13     | Noticed Cheivey's ghost (journeyman MiFi)
 29479 | D:13     | Noticed GreatCaesar's ghost (journeyman GrCj)
 29480 | D:13     | Identified the +1 mace "Orb Guardian's Death" {vorpal,
                  | Str+3}
 29481 | D:13     | Received a gift from Okawaru
 29482 | D:13     | Killed Ippog's ghost
 29482 | D:13     | Killed Demosthentine's ghost
 29494 | D:13     | Killed Dittersdorf's ghost
 29500 | D:13     | Killed GreatCaesar's ghost
 29722 | D:13     | Got a glittering ruby amulet
 29746 | D:13     | Got a heavily runed leather armour
 29800 | D:13     | Identified the amulet "Woamu" {rPois rF+ Regen+ Int-5} (You
                  | found it on level 13 of the Dungeon)
 30012 | D:15     | Received a gift from Okawaru
 30492 | D:15     | Identified the +3 leather armour "Leunuk" {*Drain rElec
                  | rF++ rN+} (You found it on level 13 of the Dungeon)
 30534 | D:15     | Reached skill level 16 in Slings
 30534 | D:15     | Reached XP level 18. HP: 127/127 MP: 25/25
 30686 | D:15     | Found a staircase to the Depths.
 30901 | D:15     | Identified the cursed +1 scale mail of Going Fast {Slay+2}
                  | (You found it on level 15 of the Dungeon)
 31488 | Snake:1  | Entered Level 1 of the Snake Pit
 31569 | Lair:1   | Killed adamnant's ghost
 31766 | Snake:1  | HP: 3/127 [naga warrior/+0 short sword (16)]
 31766 | Snake:1  | Slain by a naga warrior

Illustrated notes

Levels and vault maps discovered:
D:1:      dpeg_arrival_windows_large_door, layout_loops_ring, minmay_lizard_pond
D:2:      layout_basic
D:3:      layout_loops_corners, general_overflow_altar,
          nicolae_overflow_hidden_temple, lemuel_doored_altar,
          minmay_misc_feat_diagonals
D:4:      layout_loops_ring, serial_shops, shop, gammafunk_ghost_stat_death,
          uniq_blork_the_orc, uniq_sigmund, uniq_eustachio
D:5:      layout_basic, minmay_shop_grid_forest, minmay_mini_ossuary
D:6:      layout_basic, minmay_temple_entry_butterflies, minivault_1
D:7:      layout_cave_pools, kennysheep_little_box, uniq_menkaure
D:8:      layout_gridville, basic_altar, uniq_erica
D:9:      layout_roguey, minmay_lair_entry_grove, nicolae_two_hexagons
D:10:     layout_small_grid
D:11:     layout_long_grid
D:12:     layout_roguey [special_room_orc], orc_0_dummy, special_room
          [special_room_bee], hex_medium
D:13:     minmay_triangles_in_corner, layout_basic,
          grunt_vaults_entry_fortified, gammafunk_ghost_door_vault,
          nicolae_wwwww
D:14:     layout_grid_maze
D:15:     hangedman_depths_entry_civil_slaughter, layout_loops_corners,
          minmay_misc_feat_alley, minivault_15,
          eino_small_chamber_without_monster
Temple:   compressed_dpeg_circular_temple
Lair:1:   layout_regular_city, ebering_ghost_xom
Lair:2:   layout_gridlike, minmay_shoals_entry_beasts,
          minmay_snake_entry_six_corridors, serial_bayou_lagoon_a
Lair:3:   layout_chaotic_city, basic_altar, minivault_23, beast_lair_carwin_6,
          uniq_gastronok
Lair:4:   layout_hall_layers, serial_bayou_shore_b, uniq_snorg
Lair:5:   layout_small_grid, slime_altar_1, infiniplex_staircase_pool_2
Lair:6:   minmay_lair_end_frog_pond, layout_misc_corridors,
          bobbens_dragon_lair_wall
Snake:1:  layout_gridlike, basic_altar, guppyfry_snake_island,
          grunt_megastairs_3, minmay_shop_star
Orc:1:    orc_temple, layout_caves, serial_shops, nicolae_shop_trees,
          guppyfry_orc_lava_fort
Orc:2:    grunt_orc_gardens, layout_diamond_mine, grunt_orc_garden,
          grunt_orc_garden, grunt_orc_garden, grunt_orc_garden,
          minmay_shop_enchanted_jewellery, mines2_david

Skill      XL: |  1  2  3  4  5  6  7  8  9 10 11 12 13 14 15 16 17 18 |
---------------+-------------------------------------------------------+-----
Slings         | 6 7 9 11 12 13 14 15 16 | 16.4
Fighting       | 2 3 5 6 7 8 9 10 12 | 12.8
Armour         | 1 3 5 6 7 8 9 10 12 13 14 | 14.6
Evocations     | 1 3 5 7 8 10 11 12 | 12.0
Dodging        | 4 6 7 8 9 11 12 13 14 | 14.8
Invocations    | 3 5 6 7 9 10 | 10.0
Shields        | 5 7 8 |  8.2
Stealth        | |  1.1

Action                   |  1- 3 |  4- 6 |  7- 9 | 10-12 | 13-15 | 16-18 || total
-------------------------+-------+-------+-------+-------+-------+-------++-------
Melee: Short sword       |    67 |     3 |       |       |       |       ||    70
       Trident           |       |       |    33 |    74 |       |       ||   107
 Fire: Hunting sling     |    48 |   159 |   510 |  1197 |  1372 |   998 ||  4284
       Fustibalus        |       |       |       |       |       |     6 ||     6
Throw: Dart              |       |       |       |     9 |     4 |       ||    13
       Stone             |       |       |       |     1 |       |       ||     1
Invok: Finesse           |       |       |       |       |     1 |     1 ||     2
       Heroism           |       |       |       |       |     1 |       ||     1
 Abil: Evoke Invisibilit |       |       |       |    10 |    17 |     5 ||    32
Evoke: Wand              |       |     1 |     6 |     1 |     6 |     5 ||    19
       Box of beasts     |       |       |       |       |       |     1 ||     1
  Use: Scroll            |       |       |    13 |    14 |     8 |    10 ||    45
       Potion            |       |       |     1 |     2 |       |     5 ||     8
 Stab: Sleeping          |     1 |       |       |       |       |       ||     1
       Invisible         |       |       |       |     5 |       |       ||     5
Armor: Leather armour    |    19 |     6 |    16 |       |       |       ||    41
       Robe              |       |       |     4 |       |       |       ||     4
       Scale mail        |       |       |    10 |   145 |    49 |    41 ||   245
Dodge: Dodged            |    54 |    24 |   116 |   437 |   253 |   163 ||  1047
Block: Buckler           |       |       |       |       |   161 |   106 ||   267

Table legend: (Time is in decaauts)
 A = Elapsed time spent in this place.
 B = Non-inter-level travel time spent in this place.
 C = Inter-level travel time spent in this place.
 D = Time resting spent in this place.
 E = Time spent auto-exploring this place.
 F = Levels seen in this place.
 G = Mean time per level.
                   A        B        C        D        E       F      G
               +--------+--------+--------+--------+--------+-----+--------+
         Total |  30146 |  27833 |   2313 |   6168 |  15156 |  25 | 1205.8 |
       Dungeon |  20223 |  18524 |   1699 |   4813 |   9594 |  15 | 1348.2 |
        Temple |     39 |     23 |     16 |      0 |      5 |   1 |   39.0 |
          Lair |   7659 |   7161 |    498 |   1018 |   4526 |   6 | 1276.5 |
     Snake Pit |    123 |    121 |      2 |      0 |     72 |   1 |  123.0 |
  Orcish Mines |   2099 |   2003 |     96 |    337 |    959 |   2 | 1049.5 |
               +--------+--------+--------+--------+--------+-----+--------+

Top non-repeatable levels by time:
     D:9: 2434 daAuts
    D:13: 1849 daAuts
  Lair:6: 1703 daAuts
  Lair:2: 1628 daAuts
    D:14: 1573 daAuts
    D:11: 1491 daAuts
     D:5: 1434 daAuts
    D:12: 1397 daAuts
  Lair:5: 1384 daAuts
     D:7: 1372 daAuts
   Orc:1: 1371 daAuts
    D:10: 1299 daAuts
     D:3: 1264 daAuts
    D:15: 1238 daAuts
  Lair:3: 1129 daAuts
